 Dungeon Crawl Stone Soup version 0.23-a0-137-gef0ad6d (webtiles) character file.

2 Amnesiac the Magician (level 1, -1/13 HPs)
             Began as a Mummy Air Elementalist on Aug 30, 2018.
             Slain by an ooze (3 damage)
             ... on level 1 of the Dungeon.
             The game lasted 00:00:51 (147 turns).

Amnesiac the Magician (Mummy Air Elementalist)       Turns: 147, Time: 00:00:53

Health: -1/13      AC:  2    Str: 11    XL:     1   Next: 25%
Magic:  0/4        EV: 12    Int: 14    God:
Gold:   29         SH:  0    Dex: 12    Spells: 4/5 levels left

rFire    x . .     SeeInvis .   (no weapon)
rCold    + . .     Gourm    .   (no shield)
rNeg     + + +     Faith    .   a - +0 robe
rPois    ∞         Spirit   .   (no helmet)
rElec    .         Reflect  .   (no cloak)
rCorr    .         Harm     .   (no gloves)
MR       .....                  (no boots)
Stlth    ++........             (no amulet)
HPRegen  0.04/turn              (no ring)
MPRegen  0.09/turn              (no ring)

@: no status effects
A: no food or potions, fire vulnerability, cold resistance 1, negative energy
resistance 3, torment resistance, unbreathing
a: no special abilities


You were on level 1 of the Dungeon.
You were not hungry.

You visited 1 branch of the dungeon, and saw 1 of its levels.

You collected 29 gold pieces.

Inventory:

Armour
 a - a +0 robe (worn)
Jewellery
 b - an uncursed ring of ice {unknown}
Scrolls
 c - a scroll of enchant armour {!r, unknown}


   Skills:
 - Level 1.5 Dodging
 - Level 1.5 Stealth
 - Level 2.6 Spellcasting
 - Level 0.7 Conjurations
 + Level 2.5 Air Magic


You had 4 spell levels left.
You knew the following spells:

 Your Spells              Type           Power        Failure   Level  Hunger
a - Shock                 Conj/Air       #...         12%         1    N/A

Your spell library contained the following spells:

 Spells                   Type           Power        Failure   Level  Hunger
 Swiftness                Chrm/Air       #.......     21%         2    N/A
 Static Discharge         Conj/Air       #.......     34%         3    N/A
 Airstrike                Air            #.........   61%         4    N/A
 Lightning Bolt           Conj/Air       #.........   97%         5    N/A

Dungeon Overview and Level Annotations

Branches:
Dungeon (1/15)

Altars:


Innate Abilities, Weirdness & Mutations

You do not eat or drink.
Your flesh is vulnerable to fire.
You are immune to poison.
Your flesh is cold resistant. (rC+)
You are immune to negative energy. (rN+++)
You are immune to unholy pain and torment.
You can survive without breathing.


Message History

You open the door.
There is an open door here.
An ooze and a hobgoblin come into view.
The ooze quivers.
A goblin comes into view.
The goblin shouts!
You hear a shout!
The goblin barely misses you.
Casting: Shock (safe; 12% risk of failure)
Confirm with . or Enter, or press ? or * to list all spells.
Aiming: Shock (safe; 12% risk of failure)
Press: ? - help, Shift-Dir - straight line
Okay, then.
Casting: Shock (safe; 12% risk of failure)
Confirm with . or Enter, or press ? or * to list all spells.
Aiming: Shock (safe; 12% risk of failure)
Press: ? - help, Shift-Dir - straight line The zap hits the goblin.
The goblin is moderately wounded.
The zap hits the goblin.
You kill the goblin!
The hobgoblin hits you with a club.
Casting: Shock (safe; 12% risk of failure)
Confirm with . or Enter, or press ? or * to list all spells.
Aiming: Shock (safe; 12% risk of failure)
Press: ? - help, Shift-Dir - straight line
Okay, then.
You see here a goblin corpse.
Casting: Shock (safe; 12% risk of failure)
Confirm with . or Enter, or press ? or * to list all spells.
Aiming: Shock (safe; 12% risk of failure)
Press: ? - help, Shift-Dir - straight line The zap hits the hobgoblin.
The hobgoblin is moderately wounded.
The zap hits the hobgoblin.
The hobgoblin is almost dead.
The hobgoblin barely misses you.
A dart slug comes into view.
Casting: Shock (safe; 12% risk of failure)
Confirm with . or Enter, or press ? or * to list all spells.
Aiming: Shock (safe; 12% risk of failure)
Press: ? - help, Shift-Dir - straight line, f - hobgoblin
Aim: a hobgoblin, wielding a club (almost dead)
The zap hits the hobgoblin.
The hobgoblin appears unharmed.
The hobgoblin is almost dead.
The hobgoblin closely misses you. The dart slug launches a dart at you.
The slug dart misses you.
Unknown command.
Casting: Shock (safe; 12% risk of failure)
Confirm with . or Enter, or press ? or * to list all spells.
Aiming: Shock (safe; 12% risk of failure)
Press: ? - help, Shift-Dir - straight line, p - hobgoblin The zap hits the hobgoblin.
You kill the hobgoblin!
The zap hits the ooze.
The ooze is lightly wounded.
Unknown command.
You hit the dart slug but do no damage. The ooze hits you.
* * * LOW HITPOINT WARNING * * *
The dart slug barely misses you.
You hit the dart slug.
The dart slug is moderately wounded.
The ooze hits you.
You die...

# ###### ### %#...## .. ..#...#
### #.# .###..# ##.### ..# ##
##.###....# ##w# ##.. #
#..#..#.## #@### ####.... ##
##...##..####J.## ###....... .#
####...#.# ###.####......... .###
###)#### #.#.'#.......... ...##
##.....## #J####..........#
#...###.......###. ##..........#
#...##...###..(######...........#
..#..#..# ##....#..............#
#.###...## ##..#....#..........>.


You could see an ooze and a dart slug.

Vanquished Creatures
  A hobgoblin (D:1)
  A goblin (D:1)
2 creatures vanquished.

Notes
Turn   | Place    | Note
-------+----------+-------------------------------------------
     0 | D:1      | Amnesiac the Mummy Air Elementalist began the quest for the
                  | Orb.
     0 | D:1      | Reached XP level 1. HP: 13/13 MP: 4/4
   147 | D:1      | Slain by an ooze

Vault maps used:
D:1:      dpeg_cavernosity

Action                   || total
-------------------------++-------
Melee: Unarmed           ||     2
 Cast: Shock             ||     4
Dodge: Dodged            ||     5

Table legend:
 A = Non-vault XP
 B = Vault XP
 C = Vault XP percentage of total XP
 D = Non-vault monster count
 E = Vault monster count
 F = Vault count percentage of total count
                 A         B        C        D         E       F
            +---------+---------+-------+---------+---------+-------
      Total |       0 |       3 | 100.0 |       0 |       2 | 100.0
            +---------+---------+-------+---------+---------+-------
        D:1 |       0 |       3 | 100.0 |       0 |       2 | 100.0
            +---------+---------+-------+---------+---------+-------
